 Dungeon Crawl Stone Soup version 0.28-a0-461-g2dc4ca5097 (webtiles) character file.

Game seed: 17890463828406947685

2 Zenkrye the Firebug (level 1, -1/13 HPs)
             Began as a Barachi Fire Elementalist on Sept 13, 2021.
             Slain by a goblin (3 damage)
             ... on level 1 of the Dungeon.
             The game lasted 00:00:35 (60 turns).

Zenkrye the Firebug (Barachi Fire Elementalist)       Turns: 60, Time: 00:00:36

Health: -1/13      AC:  2    Str:  9    XL:     1   Next: 30%
Magic:  0/3        EV: 12    Int: 15    God:
Gold:   25         SH:  0    Dex: 12    Spells: 3/4 levels left

rFire   . . .      SeeInvis .   (no weapon)
rCold   . . .      Faith    .   (no shield)
rNeg    . . .      Spirit   .   a - +0 robe
rPois   .          Reflect  .   (no helmet)
rElec   .          Harm     .   (no cloak)
rCorr   .          Rampage  .   (no gloves)
Will    .....                   (no boots)
Stlth   ++........              (no amulet)
HPRegen 0.04/turn               (no ring)
MPRegen 0.08/turn               (no ring)

@: slow
A: amphibious, slowness 1, strong legs 1, +LOS
a: Hop


You were on level 1 of the Dungeon.
You visited 1 branch of the dungeon, and saw 1 of its levels.

You collected 25 gold pieces.

Inventory:

Armour
 a - a +0 robe (worn)
 b - a +0 leather armour


   Skills:
 - Level 2.1 Dodging
 - Level 1.7 Stealth
 + Level 2.2 Spellcasting
 + Level 1.2 Conjurations
 + Level 3.3 Fire Magic


You had 3 spell levels left.
You knew the following spells:

 Your Spells              Type           Power      Damage    Failure   Level
a - Foxfire               Conj/Fire      32%        2x1d5     9%          1

Your spell library contained the following spells:

 Spells                   Type           Power      Damage    Failure   Level
 Scorch                   Fire           22%        2d6       9%          2
 Conjure Flame            Conj/Fire      8%         6-21      26%         3
 Inner Flame              Hex/Fire       6%         N/A       32%         3
 Flame Wave               Conj/Fire      8%         3d4       63%         4


Dungeon Overview and Level Annotations

Branches:
Dungeon (1/15)

Altars:


Innate Abilities, Weirdness & Mutations

You are amphibious.
You cover ground slowly.
You can hop short distances.
You have an extended range of vision and can be seen from far away.


Message History

The endoplasm quivers.
Casting: Foxfire (safe; 9% risk of failure)
Confirm with . or Enter, or press ? or * to list all spells.
You miscast Foxfire.
You are very lightly contaminated with residual magic.
Nothing appears to happen.
Casting: Foxfire (safe; 9% risk of failure)
Confirm with . or Enter, or press ? or * to list all spells.
You conjure some foxfire!
Casting: Foxfire (safe; 9% risk of failure)
Confirm with . or Enter, or press ? or * to list all spells.
You conjure some foxfire!
The foxfire hits the bat.
The bat is moderately wounded.
The foxfire hits the bat.
The bat is severely wounded.
The bat is engulfed in a cloud of scalding steam.
You kill the bat!
Casting: Foxfire (safe; 9% risk of failure)
Confirm with . or Enter, or press ? or * to list all spells.
You don't have enough magic to cast this spell.
The foxfire hits the endoplasm.
The endoplasm is almost dead.
The foxfire hits the endoplasm.
You kill the endoplasm!
The goblin hits you with a +1 dagger of flaming.
The goblin burns you.
You hit the goblin.
The goblin is moderately wounded.
The goblin hits you with a +1 dagger of flaming.
* * * LOW HITPOINT WARNING * * *
The goblin burns you.
* * * LOW HITPOINT WARNING * * *
Your magical contamination has completely faded away.
You barely miss the goblin.
The goblin is moderately wounded.
The goblin closely misses you.
You completely miss the goblin.
The goblin is moderately wounded.
The goblin hits you with a +1 dagger of flaming.
You die...

#≈.. ..≈
#≈.##############.≈
#######≈8#.#.§§.#≈≈≈≈≈#8≈
........≈.#.#.§§§#≈...≈#.≈
........≈.#.#.≈≈.#≈.#.≈#.≈
.......?≈.#.#.≈≈.#≈.#.≈#8≈
........≈.#.#.≈≈.#≈.#.≈#.≈
........≈.#<'....'..#..'..
........g@#.'....'..#..'..
........≈.#.#.≈≈.#≈.#.≈#.≈
........†.#.#.≈≈.#≈.#.≈#8≈
#....##≈.#.#§≈≈.#≈.#.≈#.≈
#.## #≈.#.#§§≈.#≈...≈#.≈ #
#≈8#.#.≈≈.#≈≈≈≈≈#8≈
#≈.##############.≈
#≈..8..........8..≈
#≈≈≈≈≈≈≈≈≈≈≈≈≈≈≈≈≈≈


You could see a goblin.

Vanquished Creatures
  An endoplasm (D:1)
  A bat (D:1)
2 creatures vanquished.

Vanquished Creatures (others)
  4 foxfires (D:1)
4 creatures vanquished.

Grand Total: 6 creatures vanquished

Notes
Turn   | Place    | Note
-------+----------+-------------------------------------------
     0 | D:1      | Zenkrye the Barachi Fire Elementalist began the quest for
                  | the Orb.
     0 | D:1      | Reached XP level 1. HP: 13/13 MP: 3/3
    60 | D:1      | Slain by a goblin

Illustrated notes

Levels and vault maps discovered:
D:1:      lightli_arrival_isolated_outpost, layout_basic, minmay_misc_feat_room

Action                   || total
-------------------------++-------
Melee: Unarmed           ||     3
 Cast: Foxfire           ||     2
Dodge: Dodged            ||     1

Table legend: (Time is in decaauts)
 A = Elapsed time spent in this place.
 B = Non-inter-level travel time spent in this place.
 C = Inter-level travel time spent in this place.
 D = Time resting spent in this place.
 E = Time spent auto-exploring this place.
 F = Levels seen in this place.
 G = Mean time per level.
                   A        B        C        D        E       F      G
               +--------+--------+--------+--------+--------+-----+--------+
         Total |     69 |     69 |      0 |      0 |     55 |   1 |   69.0 |
       Dungeon |     69 |     69 |      0 |      0 |     55 |   1 |   69.0 |
               +--------+--------+--------+--------+--------+-----+--------+

Top non-repeatable levels by time:
     D:1: 69 daAuts
